 Dungeon Crawl Stone Soup version 0.10.2-40-g36e0077 character file.

358 whevs the Skirmisher (level 6, -1/55 HPs)
             Began as a Minotaur Fighter on Aug 4, 2012.
             Slain by a centaur (5 damage)
             ... on Level 5 of the Dungeon.
             The game lasted 00:14:33 (3008 turns).

whevs the Skirmisher (Minotaur Fighter)             Turns: 3008, Time: 00:14:33

HP  -1/55        AC  7     Str 23      XL: 6   Next:  4%
MP   2/2         EV  6     Int  5      God:
Gold 103         SH 19     Dex  9      Spells:  0 memorised,  5 levels left

Res.Fire  : . . .   See Invis. : .   a - +0 hand axe {=f}
Res.Cold  : . . .   Warding    : . . b - +0 scale mail
Life Prot.: . . .   Conserve   : .   c - +0 shield
Res.Acid. : . . .   Res.Corr.  : .   (helmet restricted)
Res.Poison: .       Clarity    : .   (no cloak)
Res.Elec. : .       Spirit.Shd : .   (no gloves)
Sust.Abil.: . .     Stasis     : .   (no boots)
Res.Mut.  : .       Ctrl.Telep.: .   (no amulet)
Res.Rott. : .       Levitation : .   (no ring)
Saprovore : . . .   Ctrl.Flight: .   (no ring)

@: slightly resistant to hostile enchantments, extremely unstealthy
A: retaliatory headbutt, horns 2
a: no special abilities


You were on level 5 of the Dungeon.
You were very hungry.

You visited 1 branch of the dungeon, and saw 5 of its levels.

You collected 83 gold pieces.

Inventory:

Hand weapons
 a - a +0,+0 hand axe (weapon) {=f}
Missiles
 n - 27 +1 arrows
 p - 24 +0 arrows
 r - 8 curare-tipped +0 needles
 s - 28 +3 arrows
 B - 18 silver +2 darts (quivered)
Armour
 b - a +0 scale mail (worn)
 c - a +0 shield (worn)
 y - a +0 cap
Magical devices
 G - a wand of teleportation (6) {unknown}
Comestibles
 d - 2 bread rations
 f - 4 meat rations
 q - 2 apples
 F - 3 beef jerkies
Scrolls
 h - a scroll of recharging {unknown}
 i - 5 scrolls of identify {unknown}
 j - 2 scrolls of fog {unknown}
 k - 4 scrolls of blinking {unknown}
 m - 2 scrolls of fear {unknown}
 o - a scroll of random uselessness {unknown}
 t - a scroll of enchant weapon I {unknown}
 x - 2 scrolls of teleportation {unknown}
 z - a scroll of curse weapon {unknown}
 D - a scroll of enchant armour {unknown}
 E - a scroll of remove curse {unknown}
Jewellery
 l - an uncursed amulet of conservation {unknown}
 u - an uncursed ring of ice {unknown}
Potions
 e - a potion of brilliance {unknown}
 g - 3 potions of curing {unknown}
 v - a potion of resistance {unknown}
 w - 2 potions of restore abilities {unknown}
 A - a potion of slowing {unknown}
 C - a potion of poison {unknown}


   Skills:
 + Level 5.7 Fighting
 + Level 5.5 Axes
 - Level 4.2 Armour
 - Level 0.4 Dodging
 - Level 4.4 Shields


You had 5 spell levels left.
You didn't know any spells.

Dungeon Overview and Level Annotations

Branches:
Dungeon (5/27)
 Temple: D:4-7

Altars:
Sif Muna
Xom
Yredelemnul


Innate Abilities, Weirdness & Mutations

You reflexively headbutt those who attack you in melee.
You have a pair of horns on your head.


Message History

The arrow hits you!
You see here 2 arrows.
The centaur shoots an arrow.
You block the arrow.
The centaur shoots an arrow.
The arrow hits you!
The centaur unwields an uncursed bow.
The centaur hits you. You block the centaur's attack.
Your shield and scale mail prevent you from hitting the centaur.
You headbutt the centaur, but do no damage.
You block the centaur's attack. The centaur hits you.
* * * LOW HITPOINT WARNING * * *
You hit the centaur.
The centaur is lightly wounded.
The centaur hits you.
* * * LOW HITPOINT WARNING * * *
Your shield and scale mail prevent you from hitting the centaur.
The centaur is lightly wounded.
The centaur hits you.
* * * LOW HITPOINT WARNING * * *
The centaur hits you.
You die...

#.. #..# #..# #..# #..#
#.. #.#
###########.###########.#
..%%<......%(...@c......#
###########.###########.#
#.# #.# #.# ..# ... ≈≈≈
≈≈≈


You could see a centaur.

Vanquished Creatures
  An ogre (D:4)
  A hound (D:4)
  Ijyb (D:2)
  2 adders (D:4)
  3 worms (D:4)
  A bat skeleton (D:4)
  A giant gecko (D:1)
  2 oozes
  3 ball pythons
  10 bats
  7 giant cockroaches
  12 goblins
  10 hobgoblins
  4 jackals (D:5)
  4 giant newts
  A human skeleton (D:2)
  8 kobolds
  7 rats
78 creatures vanquished.

Vanquished Creatures (others)
  A bat (D:2)
  A kobold (D:2)
  A giant newt (D:1)
  A goblin (D:1)
  A toadstool (D:2)
5 creatures vanquished.

Grand Total: 83 creatures vanquished

Notes
Turn   | Place    | Note
--------------------------------------------------------------
     0 | D:1      | whevs, the Minotaur Fighter, began the quest for the Orb.
     0 | D:1      | Reached XP level 1. HP: 19/19 MP: 0/0
   112 | D:1      | Reached XP level 2. HP: 23/26 MP: 0/0
   157 | D:1      | Reached skill level 4 in Armour
   523 | D:1      | Reached XP level 3. HP: 31/33 MP: 1/1
   946 | D:2      | Found a basalt altar of Yredelemnul.
  1008 | D:2      | Noticed Ijyb
  1044 | D:2      | Killed Ijyb
  1163 | D:2      | Reached XP level 4. HP: 33/40 MP: 1/1
  2240 | D:4      | Reached skill level 5 in Fighting
  2276 | D:4      | Reached XP level 5. HP: 29/47 MP: 1/1
  2443 | D:4      | Found a deep blue altar of Sif Muna.
  2831 | D:4      | Found a shimmering altar of Xom.
  2847 | D:4      | Reached skill level 5 in Axes
  2847 | D:4      | Reached XP level 6. HP: 28/55 MP: 2/2
  2970 | D:5      | Entered Level 5 of the Dungeon
  3008 | D:5      | Slain by a centaur
